[Event "Early-Titled-Tuesday-Blitz-April-16-2024"]
[Site "Chess.com"]
[Date "2024.04.16"]
[Round "1"]
[White "balack95"]
[Black "bubeliang"]
[Result "0-1"]
[WhiteElo "2445"]
[BlackElo "2790"]
[TimeControl "180+1"]
[EndTime "8:07:15 PDT"]
[Termination "bubeliang won by resignation"]

1. d4 d5 2. c4 e6 3. Nc3 Nf6 4. cxd5 exd5 5. Bg5 Be7 6. e3 O-O 7. Qc2 h6 8. Bh4 c6 9. Bd3 Re8 10. Nge2 a5 11. O-O Na6 12. a3 Nc7 13. Rad1 b5 14.
f3 c5 15. Nxb5 c4 16. Nxc7 Qxc7 17. Bf5 Rb8 18. Bxc8 Rexc8 19. e4 dxe4 20. fxe4 Ng4 21. Bg3 Bd6 22. e5 Be7 23. Qe4 h5 24. h3 Nh6 25. d5 Bc5+ 26. Kh1 Rxb2 27. e6 Rxe2 28. Qxe2 Qxg3 29. exf7+ Nxf7 30. Rxf7 Bd6 31. Kg1 Qh2+ 32. Kf2 Bc5+ 33. Kf3 Rb8 34. Qxc4 Bd6 35. Rf4 Bxf4 36. d6+ Kh8 37. Qxf4 Rb3+ 38. Ke4 Qxg2+ 39. Kd4 Rf3 40.
Qxf3 Qxf3 41. Rd3 Qf6+ 42. Kc4 Qd8 43. d7 Kg8 44. Kc5 Kf7 45. Kc6 g5 46. Rf3+ Kg7 47.
Re3 Qa8+ 48. Kc7 Qa7+ 49. Kc8 Qxe3 50. d8=Q Qe6+ 51. Kb7 Qf7+ 52. Ka6 Qf6+ 53. Qxf6+ Kxf6 54. Kxa5 g4 55. hxg4 hxg4 56. Kb6 g3 57. a4 g2 58. a5 g1=Q+ 59. Kb7 Qg2+ 60. Kb8 Qb2+ 61. Ka7 Qb5 62. a6 Ke6 63. Ka8 Qxa6+ 64. Kb8 Qc6 0-1

[Event "Early-Titled-Tuesday-Blitz-April-16-2024"]
[Site "Chess.com"]
[Date "2024.04.16"]
[Round "1"]
[White "Zarinur"]
[Black "temus_galaktionov"]
[Result "0-1"]
[WhiteElo "2492"]
[BlackElo "2865"]
[TimeControl "180+1"]
[EndTime "8:07:16 PDT"]
[Termination "temus_galaktionov won by resignation"]

1. e4 c6 2. d4 g6 3. Nf3 d6 4. h3 Bg7 5. Be3 Nd7 6. Qd2 e5 7.
Nc3 Ngf6 8. Bh6 O-O 9. Bxg7 Kxg7 10. O-O-O Qa5 11. h4 h6 12. Kb1 b5 13. Bd3 Qb6 14.
Ne2 Bb7 15. h5 g5 16. Ng3 Kh8 17. Nf5 exd4 18. Nxh6 Nh7 19. Nxg5 Nxg5 20. Qxg5 Qd8 21. Qf5 Ne5 22. f4 Bc8 23. Qg5 Qxg5 24. fxg5 a6 25. Rdf1 c5 26. Rf6 Be6 27. Rhf1 Rad8 28. g6 Kg7 29.
Nxf7 Bxf7 30. gxf7 Rxf7 31. h6+ Kg8 32. Rxf7 Nxf7 33.
h7+ Kg7 34. c3 Ne5 35. Be2 d3 36. Bh5 Kxh7 37. g4 Kh6 38. Kc1 Kg5 39. b3 c4 40. Kd2 Nxg4 41. Rf5+ Kh4 42. Bxg4 Kxg4 43. Rd5 Rh8 44. bxc4 bxc4 45. Rd4 Rh2+ 46. Kd1 Kf3 47. Rxc4 Ke3 48. Kc1 d2+ 49. Kc2 Rh1 50. Rd4 Rc1+ 51.
Kb2 d1=Q 52. Rxd1 Rxd1 0-1

[Event "Early-Titled-Tuesday-Blitz-April-16-2024"]
[Site "Chess.com"]
[Date "2024.04.16"]
[Round "1"]
[White "Shiner22"]
[Black "Devil_Sun"]
[Result "0-1"]
[WhiteElo "2339"]
[BlackElo "2641"]
[TimeControl "180+1"]
[EndTime "8:07:18 PDT"]
[Termination "Devil_Sun won by checkmate"]

1. e4 e6 2. d4 d5 3. e5 c5 4.
c3 Nc6 5. Nf3 Qb6 6. Bd3 cxd4 7.
cxd4 Bd7 8. O-O Nxd4 9. Nxd4 Qxd4 10. Nc3 a6 11. Qe2 Rc8 12. Kh1 Bc5 13. Bd2 Ne7 14.
f4 Ba7 15. a3 Bc6 16. Rf3 Qb6 17. Rg3 g6 18. Be3 d4 19. Bg1 Nf5 20. Bxf5 gxf5 21.
Rd1 Rd8 22. Qh5 Qxb2 23. Rg7 Rf8 24. Rd3 dxc3 25. Rxd8+ Kxd8 26. Bxa7 Qb1+ 27. Bg1 c2 28. Qg5+ Kc8 29. Qe7 Rd8 30. Rxf7 Qxg1+ 31. Kxg1 c1=Q+ 32. Kf2 Qd2+ 33. Kg3 Qxg2+ 34. Kh4 Qg4# 0-1

[Event "Early-Titled-Tuesday-Blitz-April-16-2024"]
[Site "Chess.com"]
[Date "2024.04.16"]
[Round "1"]
[White "sonicdravise"]
[Black "KVAIDAN"]
[Result "0-1"]
[WhiteElo "2600"]
[BlackElo "2320"]
[TimeControl "180+1"]
[EndTime "8:07:18 PDT"]
[Termination "KVAIDAN won by resignation"]

1. Nf3 e6 2. c4 f5 3. d4 Nf6 4. g3 Be7 5. Bg2 O-O 6. O-O d6 7. Nc3 a5 8. Qc2 Nc6 9. e4 Nb4 10. Qb1 fxe4 11. Nxe4 Nxe4 12. Qxe4 e5 13. dxe5 Bf5 14.
Qxb7 Rb8 15. Qa7 Be4 16. Qe3 Bxf3 17. Bxf3 Nc2 18. Bd5+ Kh8 19. Qc3 Nxa1 20. b3 dxe5 21. Qxa1 Bf6 22. Ba3 Re8 23. Bf7 e4 24. Qb1 Re5 25.
Rd1 Qc8 26. Bb2 Re7 27. Bxf6 Rxf7 28. Rd8+ Qxd8 29. Bxd8 Rxd8 30. Qxe4 h6 31. Qe3 Rf6 32. a3 Rd1+ 33. Kg2 Ra1 34. b4 a4 35. Qe8+ Kh7 36.
Qxa4 Ra2 37. Qa7 h5 38. h4 Rf5 39. a4 c5 40. g4 Raxf2+ 41. Kg1 hxg4 42. Qc7 R2f4 43. bxc5 Rxc4 44. c6 Rf6 45. a5 Rfxc6 46. Qd7 R6c5 47.
a6 g3 48. Qd3+ Kh6 49. Qxg3 Rc1+ 50. Kh2 R5c2+ 51. Kh3 Rc3 52. a7 Rxg3+ 53. Kxg3 Ra1 0-1

[Event "Early-Titled-Tuesday-Blitz-April-16-2024"]
[Site "Chess.com"]
[Date "2024.04.16"]
[Round "1"]
[White "arenal72"]
[Black "Fjal"]
[Result "1-0"]
[WhiteElo "2611"]
[BlackElo "2293"]
[TimeControl "180+1"]
[EndTime "8:07:18 PDT"]
[Termination "arenal72 won by resignation"]

1. Nf3 Nf6 2. g3 g6 3. Bg2 Bg7 4. O-O O-O 5. d3 d6 6. e4 e5 7. h3 Nc6 8. Be3 a5 9. a4 Be6 10. c4 Qd7 11. Ng5 Nb4 12. Nc3 Qe7 13. Nd5 Bxd5 14.
cxd5 Nd7 15. Rc1 Nc5 16. Bxc5 dxc5 17. Nf3 b6 18. Qe2 Rad8 19. Nd2 c6 20. dxc6 Rxd3 21. Nc4 Qc7 22. Ne3 Qxc6 23. Nd5 Qd6 24. Rfd1 Rd4 25. Nc3 Qc6 26. Nb5 Rdd8 27. Qc4 Bh6 28. Rb1 Rd7 29. Rxd7 Qxd7 30. Bf3 Rd8 31. Rd1 Qe7 32. Rxd8+ Qxd8 33. Kg2 Qd2 34. b3 Be3 35. Be2 Bd4 36. Nd6 Qh6 37. Qxf7+ Kh8 38. Qe8+ Kg7 39. Qe7+ Kg8 40. Bc4+ Kh8 41.
Nf7+ Kg7 42. Nxh6+ Kxh6 43. Qf8+ 1-0

[Event "Early-Titled-Tuesday-Blitz-April-16-2024"]
[Site "Chess.com"]
[Date "2024.04.16"]
[Round "1"]
[White "Ariadna_Atreides"]
[Black "Lion-Al-Messi"]
[Result "0-1"]
[WhiteElo "2185"]
[BlackElo "2577"]
[TimeControl "180+1"]
[EndTime "8:07:18 PDT"]
[Termination "Lion-Al-Messi won on time"]

1. d4 Nf6 2. Nf3 b6 3. e3 Bb7 4.
Nbd2 c5 5. Bd3 e6 6. O-O Nc6 7. b3 Be7 8. Bb2 O-O 9. c4 d5 10. cxd5 Nxd5 11. Rc1 Ndb4 12. Bb1 Ba6 13. Nc4 Bf6 14. a3 Nd5 15. Qc2 g6 16. dxc5 bxc5 17. Rfd1 Qe7 18. e4 Bxb2 19. Qxb2 Nb6 20. Nce5 Nxe5 21.
Nxe5 Qg5 22. Rxc5 Rad8 23. Rdc1 Rd2 24. Qc3 Rfd8 25. Qf3 f6 26. Nd7 R8xd7 27. Rxg5 Be2 28. Qxe2 Rxe2 29. Rg3 Red2 30. Rf1 Rd1 31. Bc2 R1d2 32. Rc3 Kg7 33. h4 h5 34. g3 Re2 35. Rc1 Rdd2 36.
Rc7+ Kh6 37. e5 fxe5 0-1

[Event "Early-Titled-Tuesday-Blitz-April-16-2024"]
[Site "Chess.com"]
[Date "2024.04.16"]
[Round "1"]
[White "Masterisback04"]
[Black "SARGISMV"]
[Result "0-1"]
[WhiteElo "2013"]
[BlackElo "2558"]
[TimeControl "180+1"]
[EndTime "8:07:18 PDT"]
[Termination "SARGISMV won on time"]

1. e4 e6 2. d4 d5 3. Nd2 Nc6 4.
c3 e5 5. dxe5 dxe4 6. Ngf3 exf3 7. Qxf3 Nxe5 8. Qe4 Qe7 9. Be2 Nf6 10. Qe3 Neg4 11.
Qxe7+ Bxe7 12. Nc4 Be6 13. Na5 O-O-O 14. h3 Ne5 15.
Be3 Nd3+ 16. Kf1 Bc5 17. Rd1 Bxe3 18. fxe3 Nxb2 19. Rb1 Rd2 20. Ke1 Rhd8 21. Rf1 Bxa2 22. Ra1 Be6 23. Rf4 Nd5 24. Rd4 Rxd4 25. cxd4 Nxe3 26.
Kd2 Nec4+ 27. Kc3 Nb6 28. Kxb2 Rxd4 29. Kc3 Ra4 30. Rxa4 Nxa4+ 31. Kb4 Nb6 32. Bf3 Bd5 33. Bg4+ Kd8 34. g3 Ke7 35. Kc5 Be4 36. Nb3 Nd7+ 37. Kd4 Bg2 38. h4 c5+ 39. Kc3 b5 40. Be2 c4 41.
Nd4 a6 42. Kb4 g6 43. Ka5 Bb7 44.
Bg4 f5 45. Bd1 Kd6 46. h5 Kd5 47. hxg6 hxg6 48. Ne2 Kc5 49. Nf4 Ne5 50. Ne6+ Kd6 51. Nf8 c3 52. Kb6 Be4 53. Kxa6 b4 54. Ka5 Ke7 0-1

[Event "Early-Titled-Tuesday-Blitz-April-16-2024"]
[Site "Chess.com"]
[Date "2024.04.16"]
[Round "1"]
[White "Zohid6"]
[Black "PositionalPanther"]
[Result "1-0"]
[WhiteElo "2957"]
[BlackElo "2518"]
[TimeControl "180+1"]
[EndTime "8:07:19 PDT"]
[Termination "Zohid6 won on time"]

1. e4 e6 2. d4 d5 3. Nc3 Nf6 4. e5 Nfd7 5. Nce2 c5 6. c3 Nc6 7.
Nf3 Be7 8. a3 O-O 9. Nf4 Qb6 10. Bd3 f6 11. Nxe6 Re8 12. Nfg5 h6 13.
Qh5 fxg5 14. Qxe8+ Nf8 15. Nxf8 Bxf8 16. Bg6 Qc7 17. h4 g4 18. Be3 c4 19. O-O Rb8 20. f3 g3 21. e6 Nd8 22. Bf7+ Nxf7 23. Qxf7+ Qxf7 24. exf7+ Kxf7 25. Bf4 Ra8 26. Bxg3 Bf5 27.
Rfe1 Be7 28. Re5 Bd3 29. Kf2 Rd8 30. Rae1 Bf6 31. Re6 Bc2 32. h5 Bf5 33. Rd6 Rxd6 34. Bxd6 b5 35. g4 Bd7 36. Kg2 a5 37. Bc7 a4 38. Be5 Bd8 39. Kg3 Bg5 40. f4 Bd8 41. f5 Bg5 42. Bf4 Bf6 43. Kf3 Bd8 44. Re5 Bc6 45. Re6 Bd7 46. Rd6 Ke8 47. Ke3 Be7 48. Rxd5 Bc6 49. Re5 Kd7 50. Re6 Bd5 51. Rg6 Bf6 52.
Be5 Bg5+ 53. Ke2 Be4 54. Rxg7+ Kc8 55. Rxg5 hxg5 56. h6 1-0

[Event "Early-Titled-Tuesday-Blitz-April-16-2024"]
[Site "Chess.com"]
[Date "2024.04.16"]
[Round "1"]
[White "IM_ArthurDW08"]
[Black "jbking07"]
[Result "1-0"]
[WhiteElo "2750"]
[BlackElo "2430"]
[TimeControl "180+1"]
[EndTime "8:07:20 PDT"]
[Termination "IM_ArthurDW08 won by resignation"]

1. e4 c5 2. Nf3 d6 3. d4 cxd4 4. Nxd4 Nf6 5. Nc3 Nc6 6. h4 e5 7. Nb3 Be6 8. f4 exf4 9. Bxf4 d5 10. e5 Ne4 11. Nxe4 dxe4 12. Qe2 Bxb3 13. axb3 Qd4 14. c3 Qd5 15. Qc4 Rd8 16. Qxd5 Rxd5 17. Bc4 Rd8 18. b4 a6 19. Ke2 Be7 20. g3 O-O 21. Ke3 Kh8 22. Kxe4 Rde8 23. Bd5 Bd6 24. Bxc6 bxc6 25. Kd4 Bb8 26. Rxa6 Rd8+ 27. Kc4 Rc8 28. Rd1 h6 29. Rd7 g5 30. hxg5 hxg5 31. Bxg5 Bxe5 32.
Bf4 Bg7 33. Rc7 Rce8 34. Rcxc6 Re2 35. Kb3 Kh7 36. b5 Rfe8 37. b6 Rg2 38. b7 Ree2 39.
b8=Q Rxb2+ 40. Kc4 Rxb8 41. Bxb8 Rxg3 42. Bxg3 1-0

[Event "Early-Titled-Tuesday-Blitz-April-16-2024"]
[Site "Chess.com"]
[Date "2024.04.16"]
[Round "1"]
[White "koncheto"]
[Black "UnTucopalaTimba"]
[Result "1-0"]
[WhiteElo "2558"]
[BlackElo "1999"]
[TimeControl "180+1"]
[EndTime "8:07:20 PDT"]
[Termination "koncheto won by checkmate"]

1. e4 c6 2. d4 d5 3. Nc3 dxe4 4. Nxe4 Bf5 5. Ng3 Bg6 6. Nf3 Nd7 7. h4 h6 8. h5 Bh7 9. Bd3 Bxd3 10. Qxd3 e6 11. Bd2 Ngf6 12. O-O-O Be7 13. Qe2 O-O 14. Kb1 Rc8 15. c4 a6 16. Ne5 b5 17.
Rhe1 Nb6 18. Ba5 bxc4 19. Nxc4 Nfd5 20. Ne4 Rb8 21. Nc5 Qc8 22. Ka1 Nxc4 23. Qxc4 Rb5 24. Bd2 Bxc5 25. dxc5 Qb7 26. b3 Qe7 27. Rc1 Qf6+ 28.
Bc3 Nxc3 29. Rxc3 Qxf2 30. Re4 Rd8 31. Rc2 Rd1+ 32. Kb2 Qg1 33. Rg4 Rb1+ 34. Ka3 Ra1 35. Qc3 Rf1 36. Qxg7# 1-0

[Event "Early-Titled-Tuesday-Blitz-April-16-2024"]
[Site "Chess.com"]
[Date "2024.04.16"]
[Round "1"]
[White "SHIVACalypso"]
[Black "Matibar"]
[Result "0-1"]
[WhiteElo "2464"]
[BlackElo "2819"]
[TimeControl "180+1"]
[EndTime "8:07:21 PDT"]
[Termination "Matibar won by resignation"]

1. Nf3 g6 2. c4 Bg7 3. g3 Nf6 4. Bg2 O-O 5. O-O d6 6. Nc3 c6 7.
d3 a5 8. a3 Bd7 9. Rb1 Na6 10.
b4 axb4 11. axb4 Qc8 12. Re1 Bh3 13. Bh1 Rd8 14. Qc2 d5 15. b5 cxb5 16. Nxb5 dxc4 17. Qxc4 Qxc4 18. dxc4 Bf5 19. Ra1 Ne4 20. Ra2 Be6 21. Nd2 Nxd2 22. Rxd2 Bxc4 23. Na3 Rxd2 24. Bxd2 Be6 25.
Bxb7 Ra7 26. Bf3 Nc5 27. Be3 Rxa3 28. Bxc5 Ra2 29. Bxe7 h5 30. h4 Kh7 31. Kg2 Ra7 32. Bg5 Rd7 33. Rc1 Ra7 34. Rd1 Rc7 35. e4 Ra7 36. Be3 Rc7 37. Kf1 Rc2 38. Be2 Ra2 39. Bf3 Bh3+ 40. Kg1 Be6 41. Kg2 Ra3 42. Bd4 Rxf3 43.
Bxg7 Kxg7 0-1

[Event "Early-Titled-Tuesday-Blitz-April-16-2024"]
[Site "Chess.com"]
[Date "2024.04.16"]
[Round "1"]
[White "Iskusnyh"]
[Black "AlivodicDario"]
[Result "1-0"]
[WhiteElo "2612"]
[BlackElo "2297"]
[TimeControl "180+1"]
[EndTime "8:07:21 PDT"]
[Termination "Iskusnyh won on time"]

1. d4 d5 2. c4 e6 3. Nf3 c6 4. b3 Bd6 5. Nbd2 f5 6. g3 Nf6 7.
Bg2 Nbd7 8. Bb2 Ne4 9. Qc2 O-O 10. O-O Qc7 11. c5 Nxd2 12. Qxd2 Be7 13. b4 Bf6 14. Ng5 Re8 15. f4 Bxg5 16. fxg5 g6 17. g4 b6 18. gxf5 exf5 19. Qd3 a5 20. b5 Bb7 21. Rac1 bxc5 22. dxc5 Ne5 23. Qd4 Rad8 24. b6 Qg7 25. Kh1 Qe7 26.
Rf3 Qxg5 27. Re3 Qf6 28. Rxe5 Qxe5 29. Qxe5 Rxe5 30. Bxe5 Re8 31. Bc3 Rxe2 32. Bxa5 Rxa2 33. Bc3 Kf7 34. Be5 g5 35. Re1 f4 36. Bd6 Kf6 37. h4 h6 38. Bh3 Ra3 39. Re6+ Kg7 40. Re7+ Kf6 41. hxg5+ hxg5 42. Re6+ Kg7 43. Bf5 Ra1+ 44. Kh2 Ba6 45. Be5+ Kf7 46. Rxc6 Ra2+ 47. Kh3 1-0

[Event "Early-Titled-Tuesday-Blitz-April-16-2024"]
[Site "Chess.com"]
[Date "2024.04.16"]
[Round "1"]
[White "Nikolakis2014"]
[Black "JoliyRoger"]
[Result "1-0"]
[WhiteElo "2744"]
[BlackElo "2426"]
[TimeControl "180+1"]
[EndTime "8:07:22 PDT"]
[Termination "Nikolakis2014 won on time"]

1. Nf3 Nf6 2. c4 c5 3. Nc3 e6 4. g3 Nc6 5. Bg2 Be7 6. O-O O-O 7. d4 cxd4 8. Nxd4 Ne5 9. b3 d6 10. Bb2 a6 11. Rc1 Qc7 12. e3 Rb8 13. Qe2 Re8 14.
Rfd1 Bd7 15. h3 Bf8 16. Kh2 Qa5 17. a3 Nc6 18. b4 Qd8 19. Nb3 Ne5 20. f4 Ng6 21. c5 dxc5 22. Nxc5 Bxc5 23. bxc5 Qc7 24. e4 Bc6 25. Qf2 b6 26. e5 Bxg2 27. Qxg2 Nd5 28. Nxd5 exd5 29. c6 Ne7 30. Rc2 b5 31. Rdc1 Rb6 32.
Bd4 Rxc6 33. Rxc6 Nxc6 34. Qxd5 Rc8 35. Bf2 h6 36. e6 fxe6 37. Qxe6+ Kh8 38. f5 Qb7 39. f6 gxf6 40. Qxf6+ Kh7 41. Qf5+ Kh8 42. Bd4+ Kg8 43. Qg6+ Kf8 44. Bc5+ 1-0

[Event "Early-Titled-Tuesday-Blitz-April-16-2024"]
[Site "Chess.com"]
[Date "2024.04.16"]
[Round "1"]
[White "Polish_fighter3000"]
[Black "Pelusiansky"]
[Result "1-0"]
[WhiteElo "3163"]
[BlackElo "2540"]
[TimeControl "180+1"]
[EndTime "8:07:23 PDT"]
[Termination "Polish_fighter3000 won by checkmate"]

1. e4 e5 2. Nf3 Nc6 3. Bc4 Nf6 4.
Ng5 d5 5. exd5 Na5 6. Bb5+ c6 7. dxc6 bxc6 8. Bd3 h6 9. Ne4 Nd5 10. O-O Be7 11.
Re1 O-O 12. Bf1 Qc7 13. d3 f5 14. Nec3 Bf6 15. g3 Be6 16. Bg2 Rae8 17. Bd2 Nb7 18. Na4 Nb6 19. Nbc3 Kh7 20. Rb1 Nd5 21. b4 Nd6 22. b5 Nxc3 23. Nxc3 e4 24. dxe4 Nc4 25. bxc6 Rd8 26. Nd5 Qxc6 27. Nxf6+ Rxf6 28. e5 Bd5 29. Bxd5 Rxd5 30. exf6 Nxd2 31. f7 Rd8 32. Qxd2 Rxd2 33.
f8=Q Qxc2 34. Rb8 Rxf2 35. Qg8+ Kg6 36. Re6+ Kh5 37. Qf7+ Kg4 38. Qg6+ Kf3 39. Qh5# 1-0

[Event "Early-Titled-Tuesday-Blitz-April-16-2024"]
[Site "Chess.com"]
[Date "2024.04.16"]
[Round "1"]
[White "h4parah5"]
[Black "ExtremeLearner"]
[Result "1/2-1/2"]
[WhiteElo "2994"]
[BlackElo "2529"]
[TimeControl "180+1"]
[EndTime "8:07:23 PDT"]
[Termination "Game drawn by repetition"]

1. Nf3 c6 2. b3 d5 3. Bb2 Nf6 4. d3 g6 5. g3 Bg7 6. Bg2 O-O 7. O-O Bg4 8. Nbd2 Nbd7 9. c4 a5 10. a3 Re8 11. h3 Bxf3 12. Nxf3 e5 13. cxd5 cxd5 14. Rc1 Qb6 15. Nd2 Rac8 16. Rxc8 Rxc8 17. Qb1 h5 18. Rc1 Rxc1+ 19. Qxc1 Bf8 20. e3 Qc6 21.
Qb1 Bd6 22. Nf3 Qb5 23. Qc2 Qc6 24. Qd1 b5 25. d4 e4 26. Ne5 Qc7 27. Nxd7 Nxd7 28.
Bf1 b4 29. a4 Nf8 30. Bc1 Ne6 31. Bd2 Kg7 32. Kg2 f5 33. h4 Nf8 34. Qe2 Qb6 35. Be1 Nd7 36. Qc2 Qc7 37. Qxc7 Bxc7 38. Bb5 Nf6 39. Bd2 Kf7 40. Be1 Ke6 41. Kf1 Ke7 42. Ke2 Bb6 43. Bc6 Bc7 44. Bb5 Bb6 45. Ba6 Bc7 46.
Bd2 Bb6 47. Bc1 Bc7 48. Bd2 Bb6 49. Bb5 Bc7 50. Be1 1/2-1/2

[Event "Early-Titled-Tuesday-Blitz-April-16-2024"]
[Site "Chess.com"]
[Date "2024.04.16"]
[Round "1"]
[White "MrVenky"]
[Black "Lukianoo"]
[Result "1/2-1/2"]
[WhiteElo "2495"]
[BlackElo "2845"]
[TimeControl "180+1"]
[EndTime "8:07:23 PDT"]
[Termination "Game drawn by repetition"]

1. e4 c6 2. d4 d5 3. Nd2 g6 4.
Ngf3 Bg7 5. c3 Nh6 6. Bd3 f6 7. O-O Nf7 8. Re1 O-O 9. Qe2 e5 10. dxe5 fxe5 11. Nf1 Nd7 12. Bc2 Nc5 13. Ng3 Ne6 14. exd5 cxd5 15. Rd1 b6 16. Bb3 Bb7 17.
Be3 Rc8 18. Rd2 Nc5 19. Bxc5 Rxc5 20. Rad1 Qa8 21. h4 Bh6 22. Rc2 Bf4 23. Qe1 Rcc8 24.
Ne2 Bh6 25. Nh2 d4 26. Ng4 Bg7 27. f3 h5 28. Nf2 Rfe8 29. Ne4 Bd5 30. cxd4 Bxb3 31.
Rxc8 Qxc8 32. axb3 exd4 33. Qg3 Qc2 34. Rd2 Qb1+ 35. Kf2 d3 36. Qxg6 Kf8 37. Nf4 Bd4+ 38. Kg3 Qe1+ 39. Kh3 Qh1+ 40. Kg3 Qe1+ 41. Kh3 Qh1+ 42.
Kg3 Qe1+ 1/2-1/2

[Event "Early-Titled-Tuesday-Blitz-April-16-2024"]
[Site "Chess.com"]
[Date "2024.04.16"]
[Round "1"]
[White "Shivananda1964"]
[Black "VacheH009"]
[Result "0-1"]
[WhiteElo "2342"]
[BlackElo "2643"]
[TimeControl "180+1"]
[EndTime "8:07:23 PDT"]
[Termination "VacheH009 won by resignation"]

1. e4 c5 2. Nf3 d6 3. Bc4 e6 4. d3 a6 5. a3 g6 6. Ba2 Bg7 7. Nc3 Ne7 8. h4 h5 9. Bg5 Nbc6 10. Qd2 b5 11. O-O O-O 12. Bh6 e5 13. Nd5 Be6 14. Bg5 Bxd5 15. Bxd5 Rc8 16. c3 Qd7 17.
Ba2 Kh7 18. Nh2 f6 19. Be3 f5 20. f4 exf4 21. Bxf4 fxe4 22. dxe4 Ne5 23. Rad1 Rcd8 24. Nf3 Nxf3+ 25. Rxf3 Qg4 26. Qf2 Rxf4 27. Rxf4 Qxd1+ 28. Kh2 Be5 29. g3 Bxf4 30. Qxf4 Qe2+ 31. Kh1 Ng8 32. Qf7+ Kh8 33. Qxg6 Rf8 34. Bf7 Qf1+ 35. Kh2 Qxf7 36. Qg5 Qf2+ 0-1

[Event "Early-Titled-Tuesday-Blitz-April-16-2024"]
[Site "Chess.com"]
[Date "2024.04.16"]
[Round "1"]
[White "flawian2008"]
[Black "shirovin"]
[Result "1-0"]
[WhiteElo "2565"]
[BlackElo "2058"]
[TimeControl "180+1"]
[EndTime "8:07:23 PDT"]
[Termination "flawian2008 won on time"]

1. e3 d5 2. g3 e5 3. Bg2 Nf6 4. Ne2 Bd6 5. d4 e4 6. c4 c6 7. cxd5 c5 8. dxc5 Bxc5 9. Nbc3 O-O 10. O-O Bg4 11. Nxe4 Nxe4 12. Bxe4 Re8 13. Bg2 Nd7 14. h3 Bh5 15. Qd2 Nf6 16. Nf4 Bg6 17. Nxg6 hxg6 18. Qd3 Rc8 19. e4 Qb6 20. a3 a5 21. Bf4 Nh5 22. b4 axb4 23. axb4 Nxf4 24. bxc5 Nxd3 25. cxb6 Rc2 26. Rad1 Rc3 27. f4 Nc5 28. e5 Rxg3 29.
Kh2 Rc3 30. d6 Nd7 31. Bxb7 Nxb6 32. Rf2 Nc4 33. Rd4 Rb8 34. Bg2 Ne3 35. Re2 Nf5 36.
Rdd2 Rbb3 37. d7 1-0

[Event "Early-Titled-Tuesday-Blitz-April-16-2024"]
[Site "Chess.com"]
[Date "2024.04.16"]
[Round "1"]
[White "Flaccidmoves"]
[Black "Agibileg"]
[Result "0-1"]
[WhiteElo "2433"]
[BlackElo "2756"]
[TimeControl "180+1"]
[EndTime "8:07:24 PDT"]
[Termination "Agibileg won on time"]

1. c4 Nf6 2. Nc3 g6 3. e4 d6 4. d4 Bg7 5. Nf3 O-O 6. h3 e5 7. d5 a5 8. g4 Na6 9. Bd3 Nc5 10. Bc2 c6 11. Be3 h5 12. g5 Nfd7 13. dxc6 bxc6 14. Qxd6 Ne6 15. O-O-O Ra6 16. c5 Re8 17. Bb3 Bf8 18. Qd2 Nexc5 19. Bc4 Ra8 20. Nh4 Kg7 21. Kb1 Qc7 22. f4 Nb6 23. Be2 exf4 24. Bxf4 Qb7 25. Rhf1 Be6 26. Be5+ Kg8 27. Qf4 Nbd7 28. Bd4 Rab8 29.
Rd2 a4 30. Nf5 Nxe4 31. Nxe4 Bxf5 32. Bd3 c5 33. Nf6+ Nxf6 34. Bxf5 Nd5 35. Qf3 cxd4 36.
Be4 Rxe4 0-1

[Event "Early-Titled-Tuesday-Blitz-April-16-2024"]
[Site "Chess.com"]
[Date "2024.04.16"]
[Round "1"]
[White "LeoLV10"]
[Black "FaustinoOro"]
[Result "0-1"]
[WhiteElo "2517"]
[BlackElo "2955"]
[TimeControl "180+1"]
[EndTime "8:07:25 PDT"]
[Termination "FaustinoOro won by resignation"]

1. e4 e5 2. Nf3 Nc6 3. Bb5 a6 4. Ba4 Nf6 5. O-O b5 6. Bb3 Bc5 7. c3 d6 8. a4 Rb8 9. d4 Bb6 10. a5 Ba7 11. h3 Bb7 12. Re1 O-O 13. Bg5 h6 14. Bh4 Re8 15. dxe5 Nxe5 16. Nbd2 Ng6 17.
Qc2 Nxh4 18. Nxh4 Nxe4 19. Nxe4 Qxh4 20. g3 Qd8 21. Qd3 d5 22. Nd2 c5 23. Bc2 g6 24.
Nf3 Qf6 25. Nh2 h5 26. Qd2 d4 27. cxd4 cxd4 28. Rac1 Rbc8 29. Rxe8+ Rxe8 30. Bd3 Qe5 31. h4 Qd5 32. f3 Bb8 33. Qf2 Qd6 34. Kg2 Re3 35.
Rd1 Qf6 36. Be2 Qe5 37. Bf1 Bc7 38. Rd3 Re1 39. Rd2 Bxa5 40. Rc2 Bb6 41. Bd3 Re3 42. Rd2 Bd5 43. Rd1 Bb3 44. Rd2 Ba5 45.
Nf1 Bxd2 46. Qxd2 Re1 47. Nh2 Bc4 48. Be4 Rxe4 49. fxe4 Qxe4+ 50. Nf3 Bd5 51. Qd3 Qxd3 0-1

[Event "Early-Titled-Tuesday-Blitz-April-16-2024"]
[Site "Chess.com"]
[Date "2024.04.16"]
[Round "1"]
[White "SahibSinghKnight"]
[Black "ReinisUz"]
[Result "0-1"]
[WhiteElo "2622"]
[BlackElo "2352"]
[TimeControl "180+1"]
[EndTime "8:07:25 PDT"]
[Termination "ReinisUz won by resignation"]

1. e4 e5 2. Nf3 Nc6 3. Bb5 g6 4. d4 exd4 5. c3 dxc3 6. Nxc3 Bg7 7. Nd5 h6 8. Bf4 d6 9. Qd2 Ne7 10. O-O Bd7 11. Rac1 Nxd5 12. exd5 Ne7 13. Bc4 Kf8 14. Rfe1 Kg8 15. h4 Bg4 16. Nh2 Bd7 17.
g3 Nf5 18. Nf3 Qf6 19. Rc3 Re8 20. Rxe8+ Bxe8 21. Qe1 Bd7 22. Rb3 b6 23. Nd2 Nxh4 24. Ne4 Qf5 25. Qe3 g5 26. Bxd6 cxd6 27. gxh4 Qg4+ 28.
Kf1 gxh4 29. Nxd6 h3 30. Qf3 Qg6 31. Ne4 h2 32. Ng3 Bh3+ 33. Ke1 Bg4 34. Qg2 h5 35.
Qxh2 h4 36. Ne2 Qe4 37. Kd2 Qxc4 38. Nf4 Bh6 0-1

[Event "Early-Titled-Tuesday-Blitz-April-16-2024"]
[Site "Chess.com"]
[Date "2024.04.16"]
[Round "1"]
[White "Payyappat"]
[Black "OparinGrigoriy"]
[Result "0-1"]
[WhiteElo "2520"]
[BlackElo "2973"]
[TimeControl "180+1"]
[EndTime "8:07:27 PDT"]
[Termination "OparinGrigoriy won by resignation"]

1. e4 a6 2. d4 b5 3. c4 bxc4 4.
Bxc4 e6 5. Nc3 Bb7 6. Nf3 Nf6 7.
Qb3 Bxe4 8. Nxe4 Nxe4 9. Ne5 d5 10. Qb7 Nd7 11. Bxa6 Nxe5 12. dxe5 Be7 13. Qc6+ Kf8 14. O-O Rb8 15. Be3 h5 16. Rac1 g6 17. f3 Ng5 18.
Qxc7 Kg7 19. Qxd8 Bxd8 20. b3 Bb6 21. Bxb6 Rxb6 22. Bd3 Ra8 23. Rc2 h4 24. Rb1 Ra3 25. Rbb2 h3 26. Rc5 hxg2 27. Kxg2 Rb4 28. Bb5 f6 29. Re2 fxe5 30. Ba4 e4 31. fxe4 Nxe4 32. Rc6 Kf6 33. Kf3 Ke5 34. Kg2 g5 35. Kh3 d4 36.
Kg4 d3 37. Re1 d2 38. Rd1 Nf2+ 39. Kxg5 Nxd1 40. h4 Ne3 0-1

[Event "Early-Titled-Tuesday-Blitz-April-16-2024"]
[Site "Chess.com"]
[Date "2024.04.16"]
[Round "1"]
[White "noblerone"]
[Black "HighLawView"]
[Result "1-0"]
[WhiteElo "2567"]
[BlackElo "2104"]
[TimeControl "180+1"]
[EndTime "8:07:28 PDT"]
[Termination "noblerone won on time"]

1. d4 d5 2. Nf3 Nf6 3. Bg5 Ne4 4.
Bf4 c5 5. e3 Bf5 6. c3 cxd4 7.
exd4 Qb6 8. Qb3 Qxb3 9. axb3 Nc6 10. Bb5 Bd7 11. Nbd2 Nxd2 12. Nxd2 e6 13. O-O Be7 14.
Rfe1 O-O 15. Nf3 f6 16. Bxc6 bxc6 17. b4 Rfe8 18. h3 h5 19. h4 Kf7 20. Ra2 e5 21. dxe5 Bg4 22. exf6 Bxf6 23. Rxe8 Kxe8 24. Ng5 Kd7 25.
Be3 a6 26. Ra1 Be2 27. g3 Re8 28. Kg2 Bd3 29. Nh3 Bf5 30. Nf4 Ra8 31. Nxh5 Ke6 32. Nf4+ Kd7 33. Ne2 Be5 34. Bd4 Ke6 35. Bxe5 Kxe5 36.
Nd4 Be4+ 37. f3 Bd3 38. Nxc6+ Kd6 39. Nd4 Re8 40. Kf2 Kc7 41. Re1 Rf8 42. Re7+ Kd6 43. Rxg7 Be4 44. Rg5 Bd3 45. h5 Rh8 46. g4 Rf8 47.
Kg3 Re8 48. h6 Re7 49. Rg7 1-0

[Event "Early-Titled-Tuesday-Blitz-April-16-2024"]
[Site "Chess.com"]
[Date "2024.04.16"]
[Round "1"]
[White "MKlose11"]
[Black "pirulillo"]
[Result "1-0"]
[WhiteElo "2631"]
[BlackElo "2331"]
[TimeControl "180+1"]
[EndTime "8:07:32 PDT"]
[Termination "MKlose11 won on time"]

1. e4 c5 2. Nc3 Nc6 3. g3 g6 4.
Bg2 Bg7 5. d3 d6 6. Be3 Rb8 7.
Qd2 b5 8. Nge2 b4 9. Nd1 Nd4 10. O-O e6 11. Nc1 Ne7 12. c3 bxc3 13. bxc3 Ndc6 14.
Bh6 O-O 15. Bxg7 Kxg7 16. Ne3 f5 17. Ne2 Ba6 18. Rfe1 Qd7 19. exf5 Nxf5 20. Nf4 Rbe8 21. Rab1 Ne5 22. d4 cxd4 23. cxd4 Nf7 24. d5 e5 25. Ne6+ Rxe6 26. dxe6 Qxe6 27. Qa5 Bd3 28. Bd5 Qf6 29. Nxf5+ Qxf5 30. Rb7 e4 31. Qc3+ Kh6 32. Qd2+ Kg7 33. Rc1 Qxd5 34. Rcc7 Qf5 35. Rxa7 d5 36. a4 Qe5 37. a5 Qa1+ 38. Rc1 Qd4 39. Qe3 Qxe3 40. fxe3 Kh6 41. a6 Ng5 42. Ra1 Nh3+ 43. Kg2 Ng5 44. Rb7 Be2 45. h4 Bf3+ 46. Kh2 Ne6 47. a7 d4 48. Rb8 Rf5 49. a8=Q Bg4 50. Qxe4 Rf2+ 51. Kg1 dxe3 52. Qxe3+ 1-0